Map: Submarine LE

Players

xuisp - Winner!

  • Race: Protoss Protoss
  • League: Diamond
  • Spawn Location: 5:00

Evacide

  • Race: Protoss Protoss
  • League: Platinum
  • Spawn Location: 11:00

VOD

Have the link to the VOD?

Description

Time

  • Played on: Aug. 21, 2020, 2:12 p.m.
  • Length: 3:12
Show
View Real Time Build Order
Export as new Build Order

xuisp Protoss - Winner!

Build Orders: Cannon Rush 

Get SALT Encoding   

  12  0:00  Probe  
  13  0:12  Probe  
  14  0:18  Pylon  
  14  0:25  Probe  
  15  0:39  Gateway  
  15  0:40  Probe (Chrono Boost)  
  16  0:49  Probe (Chrono Boost)  
  17  0:51  Assimilator  
  17  0:54  Probe (Chrono Boost)  
  18  1:02  Forge  
  18  1:06  Probe  
  19  1:37  Photon Cannon  
  19  1:39  Photon Cannon  
  19  1:42  Photon Cannon  
  19  1:44  Pylon  
  19  1:46  Probe  
  20  1:51  Pylon  
  20  2:00  Cybernetics Core  
  20  2:11  Photon Cannon  
  20  2:19  Photon Cannon  
  20  2:27  Assimilator  
  20  2:32  Pylon  
  20  2:48  Photon Cannon  
  20  2:51  Pylon  
  20  2:58  Photon Cannon  
  20  3:00  Probe  
  20  3:04  Assimilator  
Show
View Real Time Build Order
Export as new Build Order

Evacide Protoss 

Build Orders:  

Get SALT Encoding   

  12  0:01  Probe  
  13  0:13  Probe  
  14  0:23  Pylon  
  14  0:25  Probe (Chrono Boost)  
  16  0:43  Probe (Chrono Boost)  
  16  0:44  Forge  
  16  0:48  Probe (Chrono Boost)  
  17  1:01  Pylon  
  17  1:14  Pylon  
  17  1:37  Photon Cannon  
  17  1:40  Photon Cannon  
  17  1:51  Assimilator  
  17  1:54  Assimilator  
  17  1:57  Gateway  
  16  2:17  Pylon  
Tags
 
Matchup
PvP
Spawn Locations
Cross Positions
Add a new tag
Caveats
  • Supply blocks, unpowered buildings, or Contaminate may cause inaccurate times.
  • Supply counts are checked every 10 seconds.